3A
ATHLETIC CLUB KC U-24 @ KENNESAW JETS
05/30/2042
 
TOP OF THE 1ST
Athletic Club KC U-24 batting - Pitching for Kennesaw Jets : RHP Stu Washington
Pitching: RHP Stu Washington
Batting: RHB David Bosingwa 0-0: Ball
1-0: Foul Ball, location: 2F
1-1: Ball
2-1: Foul Ball, location: 2F
2-2: Ball
3-2: Ground out 1-3 (Groundball, 13, EV 86.9 MPH)
Batting: RHB Pedro Píaz 0-0: Foul Ball, location: 2F
0-1: Swinging Strike
0-2: Hit by Pitch
Batting: SHB Osvaldo Ardiles 0-0: Called Strike
0-1: Ball
1-1: Called Strike
1-2: Strikes out swinging
Batting: LHB Ramiro Curran 0-0: Called Strike
0-1: Ball
1-1: Ball
2-1: Foul Ball, location: 2F
2-2: Strikes out swinging
Top of the 1st over - 0 runs, 0 hits, 0 errors, 1 left on base; Athletic Club KC 0 - Kennesaw 0
BOTTOM OF THE 1ST
Kennesaw Jets batting - Pitching for Athletic Club KC U-24 : RHP Rodney Johnson
Pitching: RHP Rodney Johnson
Batting: LHB Gwang-soo Deungjeong 0-0: Fly out, F8 (Line Drive, 8LM, EV 85.0 MPH)
Batting: LHB Seung-jae Kyong 0-0: Foul Ball, location: 2F
0-1: Ground out 5-3 (Groundball, 56S, EV 84.4 MPH)
Batting: RHB Will Gamble 0-0: Swinging Strike
0-1: Foul Ball, location: 2F
0-2: Ball
1-2: Strikes out swinging
Bottom of the 1st over - 0 runs, 0 hits, 0 errors, 0 left on base; Athletic Club KC 0 - Kennesaw 0
TOP OF THE 2ND
Athletic Club KC U-24 batting - Pitching for Kennesaw Jets : RHP Stu Washington
Batting: LHB Greg Flynn 0-0: Ball
1-0: Called Strike
1-1: Ball
2-1: Foul Ball, location: 2F
2-2: Strikes out looking
Batting: SHB Francisco Rojas 0-0: Swinging Strike
0-1: Ground out 4-3 (Groundball, 34, EV 103.1 MPH)
Batting: LHB Derek Robinson 0-0: Fly out, F7 (Flyball, 78S, EV 81.9 MPH)
Top of the 2nd over - 0 runs, 0 hits, 0 errors, 0 left on base; Athletic Club KC 0 - Kennesaw 0
BOTTOM OF THE 2ND
Kennesaw Jets batting - Pitching for Athletic Club KC U-24 : RHP Rodney Johnson
Batting: LHB Kyle Fitzgerald 0-0: Fly out, F7 (Flyball, 7LSF, EV 91.9 MPH)
Batting: LHB Adrian Beard 0-0: Ball
1-0: DOUBLE (Line Drive, 78D, EV 111.9 MPH)
Batting: SHB Mark Thomas 0-0: Swinging Strike
0-1: Called Strike
0-2: Ground out 4-3 (Groundball, 4, EV 102.5 MPH)
Adrian Beard to third
Batting: RHB Maurice Wrightson 0-0: Called Strike
0-1: Ball
1-1: Ball
2-1: Called Strike
2-2: Strikes out swinging
Bottom of the 2nd over - 0 runs, 1 hit, 0 errors, 1 left on base; Athletic Club KC 0 - Kennesaw 0
TOP OF THE 3RD
Athletic Club KC U-24 batting - Pitching for Kennesaw Jets : RHP Stu Washington
Batting: RHB Sam Jones 0-0: Called Strike
0-1: Foul Ball, location: 2F
0-2: Foul Ball, location: 2F
0-2: Strikes out swinging
Batting: SHB Benedito Ahulani 0-0: Ball
1-0: Swinging Strike
1-1: Ball
2-1: Foul Ball, location: 2F
2-2: Ground out 1-3 (Groundball, 25, EV 68.1 MPH)
Batting: RHB David Bosingwa 0-0: Ball
1-0: Fly out, F7 (Flyball, 7S, EV 95.0 MPH)
Top of the 3rd over - 0 runs, 0 hits, 0 errors, 0 left on base; Athletic Club KC 0 - Kennesaw 0
BOTTOM OF THE 3RD
Kennesaw Jets batting - Pitching for Athletic Club KC U-24 : RHP Rodney Johnson
Batting: RHB Pepe Rodríguez 0-0: Ground out 5-3 (Groundball, 56, EV 89.4 MPH)
Batting: RHB Wally Harrison 0-0: Ball
1-0: Fly out, F8 (Flyball, 8RD, EV 108.1 MPH)
Batting: LHB Gwang-soo Deungjeong 0-0: Ball
1-0: Called Strike
1-1: DOUBLE (Flyball, 89D, EV 92.5 MPH)
Batting: LHB Seung-jae Kyong 0-0: Ball
1-0: Called Strike
1-1: Ball
2-1: Ball
3-1: Called Strike
3-2: SINGLE (Flyball, 8LS, EV 95.0 MPH)
Gwang-soo Deungjeong to third
Gwang-soo Deungjeong scores
Batting: RHB Will Gamble 0-0: Ball
1-0: Called Strike
1-1: Swinging Strike
1-2: Ball
2-2: Ball
3-2: Strikes out swinging
Bottom of the 3rd over - 1 run, 2 hits, 0 errors, 1 left on base; Athletic Club KC 0 - Kennesaw 1
TOP OF THE 4TH
Athletic Club KC U-24 batting - Pitching for Kennesaw Jets : RHP Stu Washington
Batting: RHB Pedro Píaz 0-0: Ball
1-0: Foul Ball, location: 2F
1-1: Ball
2-1: Foul Ball, location: 2F
2-2: Foul Ball, location: 2F
2-2: Strikes out swinging
Batting: SHB Osvaldo Ardiles 0-0: Called Strike
0-1: SINGLE (Groundball, 4MD, EV 101.9 MPH)
Batting: LHB Ramiro Curran 0-0: Ball
1-0: Ball
Osvaldo Ardiles steals 2nd base (no throw)
2-0: Ball
3-0: Called Strike
3-1: Foul Ball, location: 2F
3-2: Fly out, F9 (Flyball, 9LM, EV 96.9 MPH)
Runner from 2nd tags up, SAFE at 3rd, no throw by RF
Batting: LHB Greg Flynn 0-0: Called Strike
0-1: Swinging Strike
0-2: Ball
1-2: Strikes out swinging
Top of the 4th over - 0 runs, 1 hit, 0 errors, 1 left on base; Athletic Club KC 0 - Kennesaw 1
BOTTOM OF THE 4TH
Kennesaw Jets batting - Pitching for Athletic Club KC U-24 : RHP Rodney Johnson
Batting: LHB Kyle Fitzgerald 0-0: Ball
1-0: Ball
2-0: Called Strike
2-1: Ball
3-1: Base on Balls
Batting: LHB Adrian Beard 0-0: Called Strike
0-1: SINGLE (Groundball, 6MS, EV 72.5 MPH) (infield hit)
Kyle Fitzgerald to second
Batting: SHB Mark Thomas 0-0: Swinging Strike
0-1: Swinging Strike
0-2: Ball
1-2: Strikes out swinging
Batting: RHB Maurice Wrightson 0-0: Called Strike
0-1: Ball
1-1: Ball
2-1: Called Strike
2-2: Strikes out swinging
Batting: RHB Pepe Rodríguez 0-0: Ball
1-0: Foul Ball, location: 2F
1-1: Swinging Strike
1-2: Ball
2-2: Foul Ball, location: 2F
2-2: Strikes out swinging
Bottom of the 4th over - 0 runs, 1 hit, 0 errors, 2 left on base; Athletic Club KC 0 - Kennesaw 1
TOP OF THE 5TH
Athletic Club KC U-24 batting - Pitching for Kennesaw Jets : RHP Stu Washington
Batting: SHB Francisco Rojas 0-0: Ball
1-0: Called Strike
1-1: Swinging Strike
1-2: Strikes out swinging
Batting: LHB Derek Robinson 0-0: Fly out, F7 (Flyball, 7LM, EV 90.0 MPH)
Batting: RHB Sam Jones 0-0: Foul Ball, location: 2F
0-1: Fly out, F7 (Flyball, 7S, EV 88.1 MPH)
Top of the 5th over - 0 runs, 0 hits, 0 errors, 0 left on base; Athletic Club KC 0 - Kennesaw 1
BOTTOM OF THE 5TH
Kennesaw Jets batting - Pitching for Athletic Club KC U-24 : RHP Rodney Johnson
Batting: RHB Wally Harrison 0-0: Ball
1-0: Called Strike
1-1: Ball
2-1: Foul Ball, location: 2F
2-2: Strikes out swinging
Batting: LHB Gwang-soo Deungjeong 0-0: Foul Ball, location: 2F
0-1: Fly out, F5 (Line Drive, 5, EV 70.0 MPH)
Batting: LHB Seung-jae Kyong 0-0: Fly out, F9 (Flyball, 9S, EV 86.2 MPH)
Bottom of the 5th over - 0 runs, 0 hits, 0 errors, 0 left on base; Athletic Club KC 0 - Kennesaw 1
TOP OF THE 6TH
Athletic Club KC U-24 batting - Pitching for Kennesaw Jets : RHP Stu Washington
Batting: SHB Benedito Ahulani 0-0: Ball
1-0: Foul Ball, location: 2F
1-1: SOLO HOME RUN (Flyball, 89XD, EV 105.0 MPH), Distance : 395 ft
Batting: RHB David Bosingwa 0-0: Ball
1-0: Ball
2-0: Called Strike
2-1: Swinging Strike
2-2: Foul Ball, location: 2F
2-2: Ball
3-2: Foul Ball, location: 2F
3-2: Strikes out swinging
Batting: RHB Pedro Píaz 0-0: Fly out, F9 (Flyball, 9S, EV 78.1 MPH)
Batting: SHB Osvaldo Ardiles 0-0: Ball
1-0: Called Strike
1-1: Ball
2-1: Ball
3-1: Called Strike
3-2: Strikes out looking
Top of the 6th over - 1 run, 1 hit, 0 errors, 0 left on base; Athletic Club KC 1 - Kennesaw 1
BOTTOM OF THE 6TH
Kennesaw Jets batting - Pitching for Athletic Club KC U-24 : RHP Rodney Johnson
Batting: RHB Will Gamble 0-0: Ball
1-0: Swinging Strike
1-1: Ball
2-1: SOLO HOME RUN (Flyball, 7D, EV 98.8 MPH), Distance : 397 ft
Batting: LHB Kyle Fitzgerald 0-0: Ball
1-0: Fly out, F6 (Popup, 56, EV 73.8 MPH)
Batting: LHB Adrian Beard 0-0: Ball
1-0: Foul Ball, location: 2F
1-1: Ball
2-1: Foul Ball, location: 2F
2-2: Ball
3-2: Foul Ball, location: 2F
3-2: SINGLE (Groundball, 4MD, EV 103.8 MPH)
Batting: SHB Mark Thomas 0-0: Ball
1-0: Ball
2-0: Called Strike
2-1: Foul Ball, location: 2F
2-2: Ball
3-2: Base on Balls
Adrian Beard to second
Batting: RHB Maurice Wrightson 0-0: Foul Ball, location: 2F
0-1: Ball
1-1: Called Strike
1-2: Strikes out swinging
Batting: RHB Pepe Rodríguez 0-0: Ball
1-0: Swinging Strike
1-1: Ground out 5-3 (Groundball, 56S, EV 86.2 MPH)
Bottom of the 6th over - 1 run, 2 hits, 0 errors, 2 left on base; Athletic Club KC 1 - Kennesaw 2
TOP OF THE 7TH
Athletic Club KC U-24 batting - Pitching for Kennesaw Jets : RHP Stu Washington
Batting: LHB Ramiro Curran 0-0: Ball
1-0: Foul Ball, location: 2F
1-1: Fly out, F4 (Line Drive, 4, EV 65.0 MPH)
Batting: LHB Greg Flynn 0-0: Ball
1-0: Fly out, F9 (Flyball, 89D, EV 102.5 MPH)
Batting: SHB Francisco Rojas 0-0: Called Strike
0-1: Called Strike
0-2: Ball
1-2: Ball
2-2: Ball
3-2: Ground out 1-3 (Groundball, 13S, EV 72.5 MPH)
Top of the 7th over - 0 runs, 0 hits, 0 errors, 0 left on base; Athletic Club KC 1 - Kennesaw 2
BOTTOM OF THE 7TH
Kennesaw Jets batting - Pitching for Athletic Club KC U-24 : RHP Rodney Johnson
Pitching: LHP Keiran Dalley
Batting: RHB Wally Harrison 0-0: SINGLE (Groundball, 56D, EV 95.6 MPH)
Batting: LHB Gwang-soo Deungjeong 0-0: Bunt missed!
0-1: Reached on error, E1 (Groundball, 15S, EV 43.8 MPH)
Wally Harrison to third
Batting: LHB Seung-jae Kyong 0-0: Intentional Walk
Batting: RHB Will Gamble 0-0: Swinging Strike
0-1: Ball
1-1: Ball
2-1: Foul Ball, location: 2F
2-2: Foul Ball, location: 2F
2-2: Foul Ball, location: 2F
2-2: Ball
3-2: Fly out, F5 (Line Drive, 5, EV 68.1 MPH)
Batting: LHB Kyle Fitzgerald 0-0: Ball
1-0: Foul Ball, location: 2F
1-1: Ball
2-1: Ball
3-1: Base on Balls
Wally Harrison scores
Gwang-soo Deungjeong to third
Seung-jae Kyong to second
Batting: LHB Adrian Beard 0-0: Called Strike
0-1: Ball
1-1: Called Strike
1-2: Strikes out looking
Batting: SHB Mark Thomas 0-0: Swinging Strike
0-1: Foul Ball, location: 2F
0-2: Strikes out swinging
Bottom of the 7th over - 1 run, 1 hit, 1 error, 3 left on base; Athletic Club KC 1 - Kennesaw 3
TOP OF THE 8TH
Athletic Club KC U-24 batting - Pitching for Kennesaw Jets : RHP Stu Washington
Batting: LHB Derek Robinson 0-0: Foul Ball, location: 2F
0-1: Foul Ball, location: 2F
0-2: Ball
1-2: Foul Ball, location: 2F
1-2: Foul Ball, location: 2F
1-2: SINGLE (Groundball, 56D, EV 108.1 MPH)
Pitching: LHP José Correa
Batting: RHB Sam Jones 0-0: Called Strike
0-1: Ball
1-1: Foul Ball, location: 2F
1-2: Strikes out looking
Batting: SHB Benedito Ahulani 0-0: Called Strike
0-1: DOUBLE (Line Drive, 3D, EV 99.4 MPH)
Derek Robinson to third
Batting: RHB David Bosingwa 0-0: Called Strike
0-1: Ball
1-1: SINGLE (Line Drive, 34, EV 94.4 MPH)
Derek Robinson scores
Benedito Ahulani to third
Batting: RHB Pedro Píaz 0-0: Ground out 5-3 (Groundball, 56S, EV 77.5 MPH)
David Bosingwa to second
Batting: SHB Osvaldo Ardiles 0-0: Ball
1-0: Ball
2-0: Called Strike
2-1: Ball
3-1: Base on Balls
Pinch Hitting: RHB James Allingham 0-0: Ball
1-0: SINGLE (Groundball, 4MD, EV 105.0 MPH)
Benedito Ahulani scores
David Bosingwa to third
Osvaldo Ardiles to second
Runner from 3rd tries for Home, SAFE, throw by CF to home
Batting: LHB Greg Flynn 0-0: Called Strike
0-1: Swinging Strike
0-2: Strikes out swinging
Top of the 8th over - 3 runs, 4 hits, 0 errors, 2 left on base; Athletic Club KC 4 - Kennesaw 3
BOTTOM OF THE 8TH
Kennesaw Jets batting - Pitching for Athletic Club KC U-24 : LHP Keiran Dalley
Pitching: RHP Jeffrey Strickland
Now in RF: Vincente González
Batting: RHB Maurice Wrightson 0-0: Called Strike
0-1: Called Strike
0-2: Hit by Pitch
Batting: RHB Pepe Rodríguez 0-0: Reached on error, E1 (Groundball, 13, EV 43.8 MPH)
Maurice Wrightson to second
Pinch Hitting: LHB Scotty Forrest 0-0: Sac Bunt to P - play at first, batter OUT! 1-4
Maurice Wrightson to third
Pepe Rodríguez to second
Batting: LHB Gwang-soo Deungjeong 0-0: Ball
1-0: Called Strike
1-1: Ball
2-1: Ball
3-1: Foul Ball, location: 2F
3-2: Foul Ball, location: 2F
3-2: Base on Balls
Pitching: RHP Juan Andrés Saelices
Batting: LHB Seung-jae Kyong 0-0: Called Strike
0-1: Foul Ball, location: 2F
0-2: Strikes out looking
Pitching: RHP Yun-tae Yi
Batting: RHB Will Gamble 0-0: Foul Ball, location: 2F
0-1: Fielders Choice at 2nd, 5-4 (Groundball, 56, EV 88.1 MPH)
Bottom of the 8th over - 0 runs, 0 hits, 1 error, 3 left on base; Athletic Club KC 4 - Kennesaw 3
TOP OF THE 9TH
Athletic Club KC U-24 batting - Pitching for Kennesaw Jets : LHP José Correa
Now at 3B: Jack Plumb
Batting: SHB Francisco Rojas 0-0: Foul Ball, location: 2F
0-1: Ball
1-1: Ball
2-1: Swinging Strike
2-2: Ball
3-2: Strikes out swinging
Batting: LHB Derek Robinson 0-0: Ball
1-0: Swinging Strike
1-1: Foul Ball, location: 2F
1-2: Foul Ball, location: 2F
1-2: Ball
2-2: Ball
3-2: Fly out, F9 (Flyball, 89M, EV 97.5 MPH)
Batting: RHB Sam Jones 0-0: Called Strike
0-1: Foul Ball, location: 2F
0-2: Ball
1-2: SINGLE (Line Drive, 89M, EV 100.6 MPH)
Batting: SHB Benedito Ahulani 0-0: Foul Ball, location: 2F
0-1: Swinging Strike
0-2: Strikes out looking
Top of the 9th over - 0 runs, 1 hit, 0 errors, 1 left on base; Athletic Club KC 4 - Kennesaw 3
BOTTOM OF THE 9TH
Kennesaw Jets batting - Pitching for Athletic Club KC U-24 : RHP Yun-tae Yi
Batting: LHB Kyle Fitzgerald 0-0: Swinging Strike
0-1: Swinging Strike
0-2: Strikes out swinging
Batting: LHB Adrian Beard 0-0: Ball
1-0: Called Strike
1-1: Ball
2-1: Foul Ball, location: 2F
2-2: Fly out, F9 (Line Drive, 9D, EV 101.9 MPH)
Batting: SHB Mark Thomas 0-0: DOUBLE (Line Drive, 89XD, EV 99.4 MPH)
Batting: RHB Maurice Wrightson 0-0: Called Strike
0-1: Ball
1-1: Foul Ball, location: 2F
1-2: Foul Ball, location: 2F
1-2: SINGLE (Line Drive, 7S, EV 90.0 MPH)
Mark Thomas to third
Runner from 3rd tries for Home, SAFE, throw by LF to home
Batting: RHB Pepe Rodríguez 0-0: Called Strike
0-1: Ball
1-1: Foul Ball, location: 2F
1-2: 2-RUN HOME RUN (Flyball, 7D, EV 98.1 MPH), Distance : 373 ft
Friday, March 26th, 2021 - OOTP Baseball 20.8 Build 74